 Dungeon Crawl Stone Soup version 0.17.1-3-g152610e (webtiles) character file.

55 Gargoyl the Skirmisher (level 3, 0/29 HPs)
             Began as a Demonspawn Abyssal Knight on Mar 11, 2016.
             Was a Follower of Lugonu.
             Slain by a gnoll
             ... wielding a +0 halberd
              (8 damage)
             ... on level 2 of the Dungeon.
             The game lasted 00:02:20 (1386 turns).

Gargoyl the Skirmisher (Demonspawn Abyssal Knight)  Turns: 1386, Time: 00:02:20

Health: 0/29       AC:  8    Str: 13    XL:     3   Next: 67%
Magic:  5/5        EV:  4    Int: 13    God:    Lugonu [*.....]
Gold:   77         SH:  0    Dex: 14    Spells: 0 memorised, 2 levels left

rFire  . . .     SeeInvis .     a - +1 hand axe
rCold  . . .     Clarity  .     g - +0 scale mail
rNeg   . . .     SustAt   .     (no shield)
rPois  .         Gourm    .     (no helmet)
rElec  .         Spirit   .     l - +0 cloak
rCorr  .         Warding  .     (no gloves)
rMut   .         Stasis   .     j - +0 pair of boots
MR     .....                    (no amulet)
Stlth  +.........               (no ring)
                                (no ring)

@: not resistant to hostile enchantments, very unstealthy
A: thin skeletal structure 1, powered by pain 1
a: Depart the Abyss, Renounce Religion


You were on level 2 of the Dungeon.
You worshipped Lugonu.
Lugonu was aware of your devotion.
You were not hungry.

You visited 1 branch of the dungeon, and saw 2 of its levels.
You visited the Abyss 1 time.

You collected 77 gold pieces.

Inventory:

Hand Weapons
 a - a +1 hand axe (weapon)
Armour
 g - a +0 scale mail (worn)
 j - a +0 pair of boots (worn)
 l - a +0 cloak (worn)
Scrolls
 b - a scroll of teleportation {unknown}
 d - 3 scrolls of remove curse {unknown}
 e - a scroll of magic mapping {unknown}
 f - 2 scrolls of enchant armour {unknown}
 h - 2 scrolls of recharging {unknown}
Potions
 i - a potion of might {unknown}
 k - a potion of curing {unknown}
Comestibles
 c - a bread ration
 m - a beef jerky
 n - 3 chunks of flesh


   Skills:
 + Level 3.5 Fighting
 + Level 2.2 Axes
 + Level 2.2 Armour
 + Level 1.4 Dodging
 + Level 0.2 Stealth
 + Level 3.0 Invocations


You had 2 spell levels left.
You didn't know any spells.

Dungeon Overview and Level Annotations

Branches:
Dungeon (2/15)

Altars:


Innate Abilities, Weirdness & Mutations

You have a somewhat thin skeletal structure (Dex +2, Stealth).
You sometimes gain a little power by taking damage.


Message History

The gnoll is almost dead.
The gnoll hits you but does no damage. The gnoll closely misses you.
You closely miss the gnoll.
The gnoll is almost dead.
The gnoll hits you with a club.
The gnoll hits you from afar with a halberd.
You hit the gnoll but do no damage.
The gnoll is almost dead.
The gnoll hits you but does no damage. The gnoll barely misses you.
You hit the gnoll.
You kill the gnoll!
Lugonu accepts your kill.
The gnoll hits you from afar with a halberd.
* * * LOW HITPOINT WARNING * * *
You see here a rat corpse.
Unknown command.
There is a stone staircase leading down here.
The giant newt bites you but does no damage.
The gnoll hits you from afar with a halberd!
You die... ..#.#.......... ...#..#......... .........####### .....#...#.#.## ##.....#...#.#.# ...... #.. #.#.# #.... # #...# #... ##..# #gg

#######l@#####
#)#####...g.g......#
#.#........g.......#
#.#.###............#
#...†..............#
......###............#
.########............#
...................#
#######............#


You could see 2 gnolls, a goblin and a giant newt.

Vanquished Creatures
  2 adders
  A gnoll (D:2)
  A ball python (D:1)
  4 bats
  A giant cockroach (D:1)
  4 hobgoblins (D:1)
  4 kobolds (D:1)
  2 giant newts (D:1)
  4 goblins (D:1)
  2 jackals (D:2)
  4 rats
29 creatures vanquished.

Notes
Turn   | Place    | Note
--------------------------------------------------------------
     0 | Abyss:1  | Gargoyl the Demonspawn Abyssal Knight began the quest for the Orb.
     0 | Abyss:1  | Reached XP level 1. HP: 18/18 MP: 2/2
    98 | Abyss:1  | Noticed a large abomination
   111 | D:1      | Escaped the Abyss
   246 | D:1      | Reached * piety under Lugonu
   246 | D:1      | Reached skill level 1 in Dodging
   267 | D:1      | Gained mutation: You have a somewhat thin skeletal structure (Dex +2, Stealth). [demonic ancestry]
   267 | D:1      | Reached XP level 2. HP: 18/24 MP: 4/4
   845 | D:1      | Gained mutation: You sometimes gain a little power by taking damage. [demonic ancestry]
   845 | D:1      | Reached XP level 3. HP: 13/29 MP: 5/5
  1386 | D:2      | Slain by a gnoll

Action                   || total
-------------------------++-------
Melee: Hand axe          ||   103
Invok: Depart the Abyss  ||     1
  Use: Potion            ||     1
  Eat: Chunk             ||     2
